Map: Blackpink LE

Players

Dinster

  • Race: Terran Terran
  • League: Master
  • Spawn Location: 1:00

lllllllllllI - Winner!

  • Race: Protoss Protoss
  • League: Master
  • Spawn Location: 7:00

VOD

Have the link to the VOD?

Description

Time

  • Played on: Dec. 31, 2017, 7:35 p.m.
  • Length: 18:26
Show
View Real Time Build Order
Export as new Build Order

Dinster Terran 

Build Orders: MMM Bio 

Get SALT Encoding   

  12  0:00  SCV  
  13  0:12  SCV  
  14  0:16  Supply Depot  
  14  0:26  SCV  
  15  0:38  SCV  
  16  0:42  Barracks  
  16  0:50  SCV  
  17  0:57  Refinery  
  17  1:02  SCV  
  18  1:14  SCV  
  19  1:27  SCV  
  19  1:31  Marine  
  21  1:34  Bunker  
  21  1:37  Barracks  
  21  1:48  Marine  
  22  2:10  Marine  
  23  2:25  Orbital Command  
  23  2:34  Supply Depot  
  23  2:39  Barracks Reactor  
  23  2:45  Barracks Tech Lab  
  23  2:55  Refinery  
  23  2:56  SCV  
  24  3:04  Marine  
  24  3:05  Supply Depot, Stimpack  
  25  3:12  Factory  
  25  3:15  Marine  
  25  3:16  Marine  
  28  3:20  SCV  
  28  3:30  Marine  
  28  3:32  SCV  
  28  3:33  Marine  
  31  3:34  Marine  
  32  3:44  SCV  
  33  3:48  Marine  
  33  3:51  Marine  
  33  3:52  Supply Depot, Marine  
  36  3:55  Factory Tech Lab  
  36  4:03  Starport  
  36  4:08  Marine  
  37  4:10  Marine  
  38  4:35  Command Center  
  38  4:45  SCV  
  39  4:46  Starport Reactor  
  39  4:49  Widow Mine  
  39  4:51  Marine x2  
  43  4:58  SCV  
  44  5:04  Supply Depot  
  44  5:08  Combat Shields  
  44  5:20  Marine x3  
  47  5:25  Medivac, SCV  
  50  5:37  SCV  
  50  5:38  Siege Tank  
  50  5:42  Engineering Bay  
  54  5:46  Marine  
  54  5:47  Supply Depot  
  55  5:55  Orbital Command  
  55  5:58  SCV  
  55  6:02  Medivac  
  58  6:13  Marine x3  
  58  6:15  SCV  
  62  6:21  SCV, Missile Turret  
  63  6:27  SCV, Terran Infantry Weapons Level 1  
  64  6:33  SCV  
  64  6:39  SCV  
  66  6:41  Barracks, Marauder, Concussive Shells  
  66  6:47  SCV  
  69  6:51  SCV  
  69  6:52  Marine x2  
  72  6:54  Siege Tank  
  75  7:02  Marine  
  76  7:09  Medivac  
  76  7:13  Refinery  
  78  7:18  Supply Depot  
  78  7:21  Supply Depot  
  78  7:29  Barracks  
  78  7:30  Barracks  
  78  7:33  Refinery  
  78  7:34  Barracks Tech Lab  
  78  7:39  Marine x2  
  78  7:40  Medivac, SCV x2, Marauder  
  86  7:52  SCV  
  86  7:57  Marine  
  88  8:01  Marauder  
  89  8:07  Viking  
  89  8:10  Viking  
  89  8:11  Supply Depot  
  93  8:17  Starport  
  93  8:22  Terran Infantry Armor Level 1, Marine  
  93  8:23  Supply Depot  
  93  8:26  Barracks Tech Lab  
  93  8:27  Barracks Reactor  
  94  8:33  SCV x2, Siege Tank, Marine x3  
  102  8:45  Viking x2  
  102  8:47  SCV x2  
  108  9:01  Command Center  
  108  9:10  Marauder  
  108  9:12  Starport Reactor  
  108  9:16  Marine  
  115  9:17  Marauder x2  
  115  9:19  Supply Depot  
  115  9:25  SCV x2  
  117  9:33  Supply Depot  
  117  9:36  Missile Turret  
  117  9:37  SCV  
  118  9:49  Marauder, Marine x2  
  118  9:52  SCV x2  
  124  9:54  Armory  
  124  10:02  Marauder, Marine  
  124  10:04  SCV  
  128  10:13  Orbital Command  
  128  10:21  Viking x2  
  132  10:25  Viking  
  134  10:29  Viking  
  134  10:33  Marauder, Marine  
  134  10:35  Marine  
  140  10:43  Supply Depot x2  
  140  10:47  Terran Ship Weapons Level 1  
  140  10:50  SCV  
  140  10:51  SCV x2  
  143  10:59  Thor  
  149  11:08  SCV x3  
  152  11:11  Supply Depot  
  152  11:12  Supply Depot  
  152  11:21  SCV x2  
  152  11:23  Refinery  
  152  11:24  Refinery  
  152  11:25  Viking x2  
  158  11:28  Terran Infantry Weapons Level 2  
  132  11:47  Command Center  
  85  12:02  Thor  
  85  12:03  Viking x4  
  85  12:04  Marine x2  
  85  12:05  Marauder x2  
  105  12:14  Factory  
  106  12:15  SCV x2  
  106  12:16  Starport  
  107  12:33  Marine  
  107  12:34  Marauder x2, Viking x2  
  107  12:35  Viking  
  118  12:38  Viking  
  120  12:46  Marauder, Marine x2  
  124  12:52  Terran Vehicle Weapons Level 1  
  124  13:00  Orbital Command  
  124  13:06  Missile Turret  
  124  13:08  Starport Reactor  
  124  13:09  Factory Tech Lab  
  124  13:10  Thor  
  130  13:13  Viking  
  130  13:15  Viking  
  130  13:18  Viking  
  136  13:22  SCV x3  
  139  13:34  SCV  
  140  13:46  Viking x3  
  146  13:48  Viking  
  146  13:50  Armory  
  146  13:51  Engineering Bay  
  146  13:55  Thor  
  154  13:56  Thor  
  154  13:59  Viking  
  154  14:01  Viking  
  103  14:25  Marauder x3, Marine x2  
  88  14:46  Marauder  
  88  14:52  SCV  
  87  14:53  SCV x3  
  87  14:55  Marauder x2, Marine  
  87  14:59  Viking x2  
  99  15:00  Viking x3  
  99  15:04  Marine  
  106  15:08  Marauder  
  106  15:13  Terran Vehicle Weapons Level 2  
  108  15:16  Marauder  
  108  15:17  SCV  
  111  15:26  Marine  
  111  15:27  Marauder, Marine x3  
  117  15:29  Marauder  
  117  15:31  Thor  
  117  15:34  Terran Infantry Weapons Level 3  
  117  15:35  Refinery  
  125  15:44  Marauder, Marine x3  
  125  15:48  Marauder  
  132  15:50  Marauder, Marine  
  132  15:53  Terran Infantry Armor Level 2  
  135  16:02  Marine x3  
  138  16:05  Marauder  
  140  16:15  Marine  
  140  16:16  Marauder x2  
  145  16:20  Marine x2  
  147  16:26  Marauder  
  147  16:27  Viking x2  
  147  16:29  Command Center  
  153  16:37  Marauder  
  154  16:41  Orbital Command  
  145  17:11  Marauder x3, Marine x3  
  145  17:12  SCV x3, Refinery  
  145  17:13  Missile Turret  
  157  17:26  Marine  
  156  17:32  Marauder x2  
  156  17:33  SCV x2, Marauder  
  156  17:34  SCV  
  165  17:43  Missile Turret  
  165  17:52  Viking x2, Marine x2  
  165  17:53  Viking  
  165  17:54  Marauder x2  
Show
View Real Time Build Order
Export as new Build Order

lllllllllllI Protoss - Winner!

Build Orders: Cannon Rush 

Get SALT Encoding   

  12  0:01  Probe (Chrono Boost)  
  13  0:11  Probe (Chrono Boost)  
  14  0:21  Pylon  
  14  0:24  Probe  
  15  0:39  Probe  
  16  0:43  Forge  
  16  0:51  Probe  
  17  1:07  Pylon  
  17  1:09  Pylon  
  17  1:18  Pylon  
  17  1:20  Pylon  
  17  1:22  Pylon  
  17  1:38  Photon Cannon  
  17  1:39  Pylon  
  17  1:43  Photon Cannon  
  17  1:45  Photon Cannon  
  16  2:06  Assimilator  
  16  2:08  Assimilator  
  16  2:30  Nexus  
  16  2:33  Gateway  
  16  2:34  Probe (Chrono Boost)  
  18  2:46  Probe (Chrono Boost)  
  18  2:50  Probe (Chrono Boost)  
  19  3:01  Probe  
  20  3:13  Probe  
  21  3:22  Cybernetics Core  
  21  3:24  Zealot  
  23  3:28  Pylon  
  23  3:39  Probe (Chrono Boost)  
  23  3:43  Probe  
  25  3:49  Assimilator  
  25  3:51  Assimilator, Probe  
  25  3:55  Probe  
  27  3:59  Stargate  
  27  4:03  Probe  
  27  4:07  Probe (Chrono Boost)  
  29  4:15  Probe (Chrono Boost)  
  31  4:25  Probe (Chrono Boost)  
  31  4:26  Probe (Chrono Boost)  
  31  4:31  Probe (Chrono Boost)  
  30  4:32  Probe (Chrono Boost)  
  30  4:36  Stalker (Chrono Boost), Robotics Facility  
  34  4:42  Shield Battery  
  34  4:53  Oracle  
  34  4:58  Probe  
  38  5:15  Stalker  
  38  5:16  Probe  
  41  5:25  Robotics Bay  
  41  5:28  Probe  
  42  5:30  Fleet Beacon  
  42  5:31  Probe  
  43  5:40  Probe  
  44  5:43  Probe  
  45  5:52  Probe  
  46  5:57  Pylon  
  46  5:59  Pylon  
  46  6:15  Probe (Chrono Boost)  
  46  6:16  Tempest  
  46  6:17  Probe (Chrono Boost)  
  46  6:18  Colossus  
  61  6:27  Probe (Chrono Boost)  
  61  6:28  Probe (Chrono Boost)  
  62  6:41  Extended Thermal Lance  
  62  6:45  Pylon  
  62  6:50  Pylon  
  62  6:51  Pylon  
  62  7:03  Stalker, Probe  
  65  7:11  Colossus (Chrono Boost)  
  65  7:15  Probe, Tempest  
  78  7:22  Shield Battery  
  78  7:24  Pylon  
  78  7:37  Pylon  
  78  7:39  Pylon  
  78  7:42  Stargate  
  78  7:58  Colossus  
  84  8:12  Tempest  
  84  8:17  Twilight Council  
  90  8:20  Warp Gate (Chrono Boost)  
  90  8:23  Pylon  
  90  8:24  Gateway  
  90  8:26  Gateway  
  90  8:37  Probe (Chrono Boost)  
  90  8:39  Tempest  
  97  8:48  Pylon  
  97  8:51  Gateway, Colossus  
  103  9:09  Pylon  
  103  9:14  Nexus  
  103  9:18  Templar Archives  
  103  9:22  Gateway  
  103  9:27  Tempest  
  109  9:52  Psionic Storm  
  109  9:56  Tempest  
  109  9:57  Pylon  
  109  9:58  Gateway  
  115  10:11  Assimilator  
  115  10:12  Observer  
  116  10:15  Assimilator  
  116  10:18  Pylon  
  116  10:21  Pylon  
  116  10:22  Pylon  
  116  10:24  Pylon, High Templar x3  
  116  10:25  High Templar  
  124  10:49  High Templar  
  126  11:10  High Templar x2  
  125  11:51  Mothership (Chrono Boost)  
  97  12:02  High Templar  
  97  12:03  High Templar x2  
  97  12:06  Probe (Chrono Boost)  
  104  12:09  High Templar  
  108  12:16  Probe (Chrono Boost)  
  108  12:19  Probe (Chrono Boost)  
  108  12:29  Observer, Probe (Chrono Boost)  
  111  12:30  Probe (Chrono Boost), Oracle  
  114  12:37  Probe, High Templar  
  114  12:38  High Templar  
  114  12:39  Probe  
  120  12:49  Probe  
  121  12:55  Stalker x2  
  125  12:59  Stalker  
  125  13:02  Probe (Chrono Boost)  
  125  13:04  Gateway  
  128  13:06  Gateway  
  128  13:10  Gateway  
  128  13:11  Probe (Chrono Boost)  
  129  13:13  Gateway  
  129  13:14  Gateway  
  129  13:17  Pylon  
  129  13:24  Stalker x2, Probe  
  129  13:25  Stalker x3  
  140  13:37  Probe  
  138  13:51  Stalker x4  
  138  13:52  Carrier x2  
  156  14:15  Archon x2  
  142  14:17  Archon  
  130  14:25  Stalker x2  
  130  14:26  Stalker x2, High Templar  
  139  14:50  Stalker  
  139  14:51  Stalker x3  
  135  14:59  Dark Shrine  
  135  15:06  Pylon  
  135  15:07  Pylon, Stalker x5  
  135  15:10  High Templar  
  135  15:14  Pylon  
  147  15:15  Nexus  
  147  15:16  Pylon  
  147  15:19  Pylon  
  147  15:24  Pylon  
  147  15:31  Graviton Catapult  
  147  15:42  Probe (Chrono Boost)  
  156  15:44  Mothership (Chrono Boost)  
  156  15:46  Photon Cannon  
  157  15:50  Probe (Chrono Boost)  
  157  15:52  Probe (Chrono Boost)  
  158  16:13  Dark Templar x5  
  167  16:34  Dark Templar  
  167  16:36  Dark Templar  
  162  17:08  Dark Templar x4  
  164  17:11  Zealot x4  
  174  17:21  Probe (Chrono Boost)  
  173  17:49  Nexus  
Tags
 
Composition
MMM Bio
Matchup
PvT
Spawn Locations
Cross Positions
Add a new tag
Caveats
  • Supply blocks, unpowered buildings, or Contaminate may cause inaccurate times.
  • Supply counts are checked every 10 seconds.